 Dungeon Crawl Stone Soup version 0.32-a0-673-g3729bd50f8 (webtiles) character file.

Game seed: 17503554513695790024

17 Shayle the Apothecary (level 2, -3/19 HPs)
             Began as a Coglin Alchemist on Mar 11, 2024.
             Slain by a gnoll
             ... wielding a +0 spear
              (8 damage)
             ... on level 2 of the Dungeon.
             The game lasted 00:01:13 (373 turns).

Shayle the Apothecary (Coglin Alchemist)             Turns: 373, Time: 00:01:13

Health: -3/19      AC:  2    Str:  8    XL:     2   Next: 62%
Magic:  5/5        EV: 12    Int: 14    God:
Gold:   30         SH:  0    Dex: 14    Spells: 2/5 levels left

rFire   . . .        (no weapon)
rCold   . . .        (no shield)
rNeg    . . .        a - +0 robe
rPois   .            (no helmet)
rElec   .            (no cloak)
rCorr   .            (no gloves)
SInv    .            (no boots)
Will    .....        (amulet unavailable)
Stlth   ++           (ring unavailable)
HPRegen 0.23/turn    (ring unavailable)
MPRegen 0.09/turn    (no gizmo)

%: no passive effects
@: revving
A: off-hand wielding, slow wielding, warmup strikes, no jewellery
a: Invent Gizmo


You were on level 2 of the Dungeon.
You visited 1 branch of the dungeon, and saw 2 of its levels.

You collected 30 gold pieces.

Inventory:

Armour
 a - a +0 robe (worn)
Potions
 b - a potion of magic
 d - a potion of brilliance {unknown}


   Skills:
 + Level 2.1 Dodging
 - Level 1.5 Stealth
 + Level 2.0 Spellcasting
 + Level 1.3 Conjurations
 + Level 3.5 Alchemy


You had 2 spell levels left.
You knew the following spells:

 Your Spells              Type           Power      Damage    Failure   Level
a - Sting                 Conj/Alch      32%        1d5       9%          1
b - Mercury Vapours       Alch/Air       12%        N/A       17%         2

Your spell library contained the following spells:

 Spells                   Type           Power      Damage    Failure   Level
 Mephitic Cloud           Conj/Alch/Air  5%         N/A       36%         3
 Olgreb's Toxic Radiance  Alch           11%        N/A       50%         4
 Sticky Flame             Fire/Alch      6%         2d4       75%         4


Dungeon Overview and Level Annotations

Branches:
Dungeon (1/15)

Altars:


Innate Abilities, Weirdness & Mutations

You can wield a second weapon in your off-hand.
It takes a long time for you to wield or remove held weapons.
Your first few attacks do less damage.
You cannot equip rings or amulets.


Message History

Your Spellcasting skill increases to level 2!
HP restored.
Magic restored.
You open the door.
Found a stone staircase leading down. 4 gnolls come into view.
The gnoll shouts! x3
There is an open door here.
You hear a shout!
You open the door.
There is an open door here.
The gnoll attacks as it pursues you! The gnoll closely misses you.
The gnoll attacks as it pursues you! The gnoll misses you.
Found 7 gold pieces.
The gnoll attacks as it pursues you!
The gnoll hits you from afar with a +0 spear!
You see here 7 gold pieces.
As you open the large door, it creaks loudly!
The gnoll hits you from afar with a +0 spear!
* * * LOW HITPOINT WARNING * * *
There is a large open door here.
It was a potion of curing.
You feel better.
The gnoll hits you from afar with a +0 spear.
There is a large open door here.
Found a potion of curing.
The gnoll attacks as it pursues you! The gnoll misses you.
A bat comes into view.
The gnoll attacks as it pursues you!
The gnoll hits you from afar with a +0 spear.
* * * LOW HITPOINT WARNING * * *
The bat closely misses you. The bat misses you. The bat barely misses you.
You miss the bat. The bat barely misses you. The bat misses you.
The bat misses you. The gnoll attacks as it pursues you!
The gnoll hits you from afar with a +0 spear.
* * * LOW HITPOINT WARNING * * *
The bat misses you.
You hit the bat but do no damage. The bat hits you but does no damage.
The gnoll hits you from afar with a +0 spear!
You die...

#......######.......
#......#...##.......
#......#...##.......
+..........''.......
#..........##..$....
##.g###....+......##
#.g# #....######.#
#..# #.....#####.##
#.@# #.#.........g#
#.b# ......#...##.g
...........###.# ##.
#.#...#. ## ## ..
....... # ## .#...#
## #.##### #


You could see 2 gnolls and a bat.

Vanquished Creatures
  An adder (D:2)
  2 ball pythons (D:1)
  A bat (D:1)
  3 jackals (D:1)
  A rat (D:1)
8 creatures vanquished.

Notes
Turn   | Place    | Note
-------+----------+-------------------------------------------
     0 | D:1      | Shayle the Coglin Alchemist began the quest for the Orb.
     0 | D:1      | Reached XP level 1. HP: 13/13 MP: 3/3
    72 | D:1      | Reached skill level 1 in Conjurations
   157 | D:1      | Reached XP level 2. HP: 16/19 MP: 2/4
   205 | D:1      | Learned a level 2 spell: Mercury Vapours
   269 | D:1      | You fall into a shaft and drop 1 floor!
   271 | D:2      | Identified the +0 ring mail "Hoch" {rElec rC+ Stlth-}
   373 | D:2      | Slain by a gnoll

Illustrated notes

Levels and vault maps discovered:
D:1:      dpeg_arrival_more_subterranean_lakeside_camping, layout_basic,
          basic_ecumenical_altar, amcnicky_mini_pool_small
D:2:      minmay_inner_zag, layout_basic

Skill      XL: |  1  2 |
---------------+-------+-----
Conjurations   | 1 |  1.3
Dodging        | 2 |  2.1
Spellcasting   | 2 |  2.0
Stealth        | |  1.5
Alchemy        | |  3.5

Action                     || total
---------------------------++-------
  Melee: Unarmed           ||    26
   Cast: Sting             ||     9
    Use: Potion            ||     1
 Armour: Robe              ||    18
  Dodge: Dodged            ||    30

Table legend: (Time is in decaauts)
 A = Elapsed time spent in this place.
 B = Non-inter-level travel time spent in this place.
 C = Inter-level travel time spent in this place.
 D = Time resting spent in this place.
 E = Time spent auto-exploring this place.
 F = Levels seen in this place.
 G = Mean time per level.
                   A        B        C        D        E       F      G
               +--------+--------+--------+--------+--------+-----+--------+
         Total |    372 |    372 |      0 |     34 |    191 |   2 |  186.0 |
       Dungeon |    372 |    372 |      0 |     34 |    191 |   2 |  186.0 |
               +--------+--------+--------+--------+--------+-----+--------+

Top non-repeatable levels by time:
     D:1: 269 daAuts
     D:2: 103 daAuts
